 Dungeon Crawl Stone Soup version 0.31-a0-983-g7b6862f502 (webtiles) character file.

Game seed: 16557156518017599848

915 Arex the Shield-Bearer (level 8, 0/51 HPs)
             Began as a Gargoyle Fighter on Nov 3, 2023.
             Splashed by a jelly's acid (9 damage)
             ... on level 4 of the Dungeon.
             The game lasted 00:07:24 (4144 turns).

Arex the Shield-Bearer (Gargoyle Fighter)           Turns: 4144, Time: 00:07:25

Health: 0/51       AC:  1    Str: 20    XL:     8   Next: 9%
Magic:  8/8        EV: 13    Int:  9    God:
Gold:   239        SH:  5    Dex:  9    Spells: 7/7 levels left

rFire   + . .        d - +2 hand axe (flame)
rCold   . . .        c - +0 buckler
rNeg    + . .        f - +0 chain mail
rPois   ∞            p - +0 helmet
rElec   +            u - scarf {repulsion}
rCorr   .            (no gloves)
SInv    +            (no boots)
Will    .....        (no amulet) Stlth
                     h - +5 ring of evasion
HPRegen 0.28/turn    n - ring of protection from fire
MPRegen 0.11/turn

%: repel missiles
@: corroded
A: sickness immunity, AC +5, negative energy resistance 1, electricity
resistance, torment resistance 1, petrification resistance, see invisible,
screaming 1, weak 1
a: no special abilities


You were on level 4 of the Dungeon.
You visited 1 branch of the dungeon, and saw 4 of its levels.
You also visited: Sewer.

You collected 239 gold pieces.

Inventory:

Hand Weapons
 a - a +0 flail
 d - a +2 hand axe of flaming (weapon)
Missiles
 r - a throwing net
Armour
 b - a +0 scale mail
 c - a +0 buckler (worn)
 f - a +0 chain mail (worn)
 p - a +0 helmet (worn)
 u - a scarf of repulsion (worn)
Jewellery
 h - a +5 ring of evasion (left hand)
 n - a ring of protection from fire (right hand)
 o - a ring of magical power
 w - an amulet of faith
Scrolls
 e - a scroll of teleportation
 i - a scroll of amnesia {unknown}
 j - 2 scrolls of immolation
 q - a scroll of identify {unknown}
 v - a scroll of torment {unknown}
Potions
 g - a potion of curing
 k - 5 potions of enlightenment
 l - a potion of heal wounds
 m - a potion of mutation
 s - a potion of haste {unknown}
 t - 2 potions of brilliance {unknown}


   Skills:
 + Level 5.8 Fighting
 + Level 4.8 Maces & Flails
 + Level 5.9 Armour
 + Level 5.9 Shields


You had 7 spell levels left.
You didn't know any spells.
Your spell library contained the following spells:

 Spells                   Type           Power      Damage    Failure   Level
 Apportation              Tloc           0%         N/A       98%         1
 Necrotise                Necr           0%         1d4       98%         1
 Summon Small Mammal      Summ           0%         N/A       98%         1
 Lesser Beckoning         Tloc           0%         N/A       99%         2
 Gell's Gravitas          Tloc           0%         N/A       100%        3
 Teleport Other           Tloc           0%         N/A       100%        3


Dungeon Overview and Level Annotations

Branches:
Dungeon (4/15)              Sewer (visited)
 Temple: D:4-7

Altars:
Cheibriados


Innate Abilities, Weirdness & Mutations

You are immune to sickness and miasma.
Your stone body is resilient. (AC +5)
You are immune to poison.
You resist negative energy. (rN+)
You are resistant to electric shocks. (rElec)
You are resistant to unholy torment.
You are immune to petrification.
You have supernaturally acute eyesight. (SInv)
You occasionally shout uncontrollably at your foes.
You are weak. (Str -2)


Message History

You are too injured to fight recklessly!
You are too injured to fight recklessly!
You are too injured to fight recklessly!
You are too injured to fight recklessly!
You are too injured to fight recklessly!
You are too injured to fight recklessly!
You are too injured to fight recklessly!
You are too injured to fight recklessly!
You are too injured to fight recklessly!
You are too injured to fight recklessly!
You are too injured to fight recklessly!
You are too injured to fight recklessly!
You are too injured to fight recklessly!
You are too injured to fight recklessly!
You hit the jelly. You burn the jelly. The acid corrodes you!
Your hands burn!
The jelly is severely wounded.
You block the jelly's attack.
You hit the jelly but do no damage. The acid corrodes you!
Your hands burn!
The jelly is severely wounded.
The jelly hits you but does no damage. The jelly misses you.
You hit the jelly but do no damage.
Your hands burn!
The jelly is severely wounded.
The jelly barely misses you.
You hit the jelly but do no damage. The acid corrodes you!
Your hands burn!
* * * LOW HITPOINT WARNING * * *
The jelly is severely wounded.
The jelly hits you but does no damage.
You completely miss the jelly.
The jelly is severely wounded.
The jelly barely misses you.
You hit the jelly but do no damage.
Your hands burn!
* * * LOW HITPOINT WARNING * * *
The jelly is severely wounded.
You block the jelly's attack.
You barely miss the jelly.
The jelly is severely wounded.
The jelly hits you.
* * * LOW HITPOINT WARNING * * *
The acid corrodes you!
You are splashed with acid!
You die...

#.##############†)#.########
#.
#..............).).........#
#.
###################>######.#
## ....... #.# #.# # .......
#.# #.# .......######'####
#.# .......#.........#
#)#### .......#.........#
#.....
.......#@..†.....###..###
.......J#...#.#..........
.<......#.#.#.#.......###
........#.#.#.........#
........#.#.###......##
........#.#.# #......#
........#.#.# #......#
#####+#.#.#.# #......#
....#.# ########


You could see a jelly.

Vanquished Creatures
  Grinder (D:4)
  A black bear (D:4)
  2 kobold brigands (Sewer)
  A scorpion (D:4)
  An orc priest (D:4)
  A jelly (D:4)
  An iguana (D:4)
  3 orc wizards (D:4)
  Robin (D:2)
  7 gnolls (D:2)
  A river rat (Sewer)
  4 adders
  A worm (D:2)
  3 dart slugs
  19 orcs
  8 bats
  3 endoplasms
  4 giant cockroaches
  18 goblins
  3 hobgoblins
  3 jackals (Sewer)
  12 kobolds
  9 quokkas
  10 ball pythons
  5 frilled lizards
  8 rats
130 creatures vanquished.

Notes
Turn   | Place    | Note
-------+----------+-------------------------------------------
     0 | D:1      | Arex the Gargoyle Fighter began the quest for the Orb.
     0 | D:1      | Reached XP level 1. HP: 14/14 MP: 1/1
    69 | D:1      | Reached XP level 2. HP: 18/19 MP: 2/2
   141 | D:1      | Reached XP level 3. HP: 21/23 MP: 3/3
   700 | D:2      | HP: 1/24 [gnoll/+0 spear (7)]
   916 | D:3      | Reached XP level 4. HP: 29/29 MP: 4/4
  1000 | D:3      | Found a glowing drain.
  1004 | Sewer    | Entered a sewer
  1111 | Sewer    | Noticed a kobold brigand
  1117 | Sewer    | Noticed a kobold brigand
  1125 | Sewer    | Killed a kobold brigand
  1126 | Sewer    | Reached XP level 5. HP: 32/33 MP: 5/5
  1130 | Sewer    | Killed a kobold brigand
  1178 | Sewer    | Found a white marble altar of Elyvilon.
  1287 | D:3      | Reached XP level 6. HP: 39/39 MP: 6/6
  1368 | D:3      | Found a snail-covered altar of Cheibriados.
  1832 | D:2      | Noticed Robin
  2302 | D:2      | Killed Robin
  3184 | D:4      | Reached skill level 5 in Armour
  3191 | D:4      | Reached skill level 5 in Shields
  3272 | D:4      | Noticed a black bear
  3280 | D:4      | Killed a black bear
  3281 | D:4      | Reached skill level 5 in Fighting
  3281 | D:4      | Reached XP level 7. HP: 11/44 MP: 7/7
  3987 | D:4      | Noticed Grinder
  3991 | D:4      | Gained mutation: You occasionally shout uncontrollably at
                  | your foes. [potion of mutation]
  3991 | D:4      | Gained mutation: You have supernaturally acute eyesight.
                  | (SInv) [potion of mutation]
  3991 | D:4      | Gained mutation: You are weak. (Str -2) [potion of
                  | mutation]
  3996 | D:4      | Paralysed by Grinder for 3 turns
  4002 | D:4      | Paralysed by Grinder for 2 turns
  4007 | D:4      | Killed Grinder
  4008 | D:4      | Reached XP level 8. HP: 31/51 MP: 8/8
  4144 | D:4      | Splashed by a jelly's acid

Illustrated notes

Levels and vault maps discovered:
D:1:      tarquinn_simple_flora_water_e, layout_rooms
D:2:      minmay_skewed_foursquare, layout_loops_corners, uniq_robin
D:3:      layout_basic, marbit_many_paths, gup_sewer_entry_spiral,
          grunt_decor_clamped, due_unseen_surprise
D:4:      layout_basic, lemuel_doored_altar, uniq_grinder

Skill      XL: |  1  2  3  4  5  6 |
---------------+-------------------+-----
Armour         | 4 5 |  5.9
Fighting       | 4 5 |  5.8
Maces & Flails | 3 4 |  4.8
Shields        | 4 5 |  5.9

Action                     |  1- 3 |  4- 6 |  7- 9 || total
---------------------------+-------+-------+-------++-------
  Melee: Flail             |   117 |   271 |    45 ||   433
         Hand axe          |       |       |    55 ||    55
    Use: Potion            |     1 |     1 |     2 ||     4
         Scroll            |     1 |     2 |       ||     3
   Stab: Paralysed         |       |       |     1 ||     1
 Armour: Scale mail        |   108 |    92 |       ||   200
         Chain mail        |       |    63 |    74 ||   137
  Dodge: Dodged            |    77 |   203 |    56 ||   336
  Block: Buckler           |    49 |    62 |    21 ||   132

Table legend: (Time is in decaauts)
 A = Elapsed time spent in this place.
 B = Non-inter-level travel time spent in this place.
 C = Inter-level travel time spent in this place.
 D = Time resting spent in this place.
 E = Time spent auto-exploring this place.
 F = Levels seen in this place.
 G = Mean time per level.
                   A        B        C        D        E       F      G
               +--------+--------+--------+--------+--------+-----+--------+
         Total |   4331 |   4182 |    149 |    913 |   2157 |   5 |  866.2 |
       Dungeon |   4079 |   3930 |    149 |    913 |   2024 |   4 | 1019.8 |
         Sewer |    251 |    251 |      0 |      0 |    133 |   1 |  251.0 |
               +--------+--------+--------+--------+--------+-----+--------+

Top non-repeatable levels by time:
     D:2: 1612 daAuts
     D:4: 1000 daAuts
     D:3: 941 daAuts
     D:1: 525 daAuts
   Sewer: 251 daAuts
